 Dungeon Crawl Stone Soup version 0.31-a0-496-g6f97920a28 (webtiles) character file.

Game seed: 13456053159382676076

23 kae the Changeling (level 2, -5/23 HPs)
             Began as a Draconian Shapeshifter on Aug 8, 2023.
             Slain by a gnoll
             ... wielding a +0 halberd
              (11 damage)
             ... on level 2 of the Dungeon.
             The game lasted 00:00:33 (566 turns).

kae the Changeling (Draconian Shapeshifter)          Turns: 566, Time: 00:00:34

Health: -5/23      AC:  4    Str: 17    XL:     2   Next: 75%
Magic:  2/2        EV: 12    Int:  8    God:
Gold:   23         SH:  0    Dex: 11    Spells: 1/1 levels left

rFire   . .          .
                       - Unarmed
rCold   . . .        (no shield)
rNeg    . . .        (body armour unavailable)
rPois   .            (helmet currently unavailable)
rElec   .            (cloak currently unavailable)
rCorr   .            (gloves currently unavailable)
SInv    .            (boots currently unavailable)
Will    .....        (no amulet) Stlth
                     (no ring)
HPRegen 0.23/turn    (no ring)
MPRegen 0.08/turn

%: no passive effects
@: beast-form, silenced
A: beast (slay +2), AC +4, unfitting armour, cold-blooded
a: Begin Untransformation


You were on level 2 of the Dungeon.
You were a hulking beast.
You visited 1 branch of the dungeon, and saw 2 of its levels.

You collected 23 gold pieces.


Innate Abilities, Weirdness & Mutations

You are a hulking beast.
Your limbs bulge with bestial killing power. (Slay +2)
Your plain brown scales are hard. (AC +4)
You cannot fit into any form of body armour.
You are cold-blooded and may be slowed by cold attacks.


   Skills:
 - Level 1.1 Fighting
 - Level 1.7 Dodging
 + Level 3.3 Unarmed Combat
 * Level 3.5 Shapeshifting


You had one spell level left.
You didn't know any spells.
Your spell library contained the following spells:

 Spells                   Type           Power      Damage    Failure   Level
 Necrotise                Necr           0%         1d4       41%         1
 Vampiric Draining        Necr           0%         2d6       78%         3
 Agony                    Necr           0%         N/A       100%        5

Inventory:

Missiles
 d - 8 stones
Jewellery
 i - an amulet of reflection
   (You found it on level 2 of the Dungeon)
Talismans
 b - a beast talisman (active)
 c - a flux talisman
Scrolls
 f - 2 scrolls of vulnerability {unknown}
 g - a scroll of fear {unknown}
Potions
 a - a potion of lignification {!q}

Dungeon Overview and Level Annotations

Branches:
Dungeon (2/15) Zot: 11431

Altars:

#<......#.#.
#...........
######.......#...
# ................
.. ............#.#
... #. #.........#
>....#.
#.......#.#
....J#.######g####
####
...).......hgr#
#..##≈~##
#.##..#...####.#
#..#.~~.#
#.##..###.# #.#
#..#.≈~.# #.##..#
#.# #.# #..#.~~.#
#.##..# #.# #.#
#..#.~~.#
#.##..###.####.#
#..#.~~.#
#..............#
#..#.~~.#
#..........#####
#..'.≈~.#
#†.#†.###..#
#'##.~~.#


You could see 2 gnolls, an endoplasm and a rat (inner flame).


Message History

Unknown command.
A bat is nearby!
Unknown command.
A bat is nearby!
The bat barely misses you.
You hit the bat. The bat closely misses you.
The bat hits you but does no damage. The bat barely misses you. 😕 HP[+1]
A bat is nearby!
You hit the bat but do no damage. The bat hits you but does no damage.
The bat barely misses you.
A bat is nearby!
The bat barely misses you. The bat hits you but does no damage.
A bat is nearby!
You punch the bat!
You kill the bat!
No target in view! 😕 HP[+1]
j - a scroll labelled HENKOIMOLE 😎 HP[+4]
Your hp is fully restored (23).
No target in view!
No target in view!
k - a scroll labelled GERILUH ITISET No target in view!
No target in view!
f - 2 scrolls labelled NEISHR JOPSE (gained 1)
You now have 23 gold pieces (gained 8).
A bat comes into view.
A bat is nearby!
The bat closely misses you. The bat hits you but does no damage.
You barely miss the bat. The bat barely misses you. The bat hits you. 😕 HP[-1]
You take 1 damage, and now have 22/23 hp.
A bat is nearby!
A bat is nearby!
You hit the bat. The bat barely misses you. The bat closely misses you.
A bat is nearby!
The bat hits you but does no damage.
You hit the bat.
You kill the bat! 😎 HP[+1]
Your hp is fully restored (23).
Found a stone staircase leading down.
No target in view!
No target in view!
A gnoll comes into view. It is wielding a +0 whip.
You see here a sedimented grey potion.
A rat comes into view.
Found a stone staircase leading up.
A gnoll comes into view. It is wielding a +0 club.
The gnoll shouts!
A gnoll comes into view. It is wielding a +0 halberd.
There are monsters nearby!
The gnoll shouts!
You hit the gnoll. You tail-slap the gnoll.
The gnoll hits you but does no damage.
There are monsters nearby!
You barely miss the gnoll. You hit the gnoll. The gnoll completely misses you.
The gnoll barely misses you.
Unknown command.
The gnoll attacks as you move away! The gnoll barely misses you.
The gnoll hits you with a +0 whip. 😕 HP[-5]
You take 5 damage, and now have 18/23 hp.
MASSIVE DAMAGE!! (PAUSE)
The rat misses you. 😕 HP[+1]
You see here a sedimented grey potion.
Okay, then.
As you read the scroll labelled GERILUH ITISET, it crumbles to dust.
It is a scroll of brand weapon.
You aren't carrying any weapons that can be branded.
The gnoll completely misses you.
As you read the scroll labelled HENKOIMOLE, it crumbles to dust.
The creatures around you are filled with an inner flame!
It was a scroll of immolation.
The gnoll misses you.
The gnoll hits you with a +0 whip. 😮 HP[-3]
You take 3 damage, and now have 16/23 hp.
Unknown command.
As you read the scroll labelled JIZOMESADO, it crumbles to dust.
You hear a loud clanging noise!
It was a scroll of noise.
You hear a shout!
You hear a bark! x3
The gnoll hits you with a +0 whip. The gnoll hits you but does no damage.
An endoplasm comes into view. 😮 HP[-4]
You take 4 damage, and now have 12/23 hp.
Unknown command.
As you read the scroll labelled MUISIT XOFEEJA, it crumbles to dust.
A profound silence engulfs you.
It was a scroll of silence.
The gnoll hits you with a +0 whip.
* * * LOW HITPOINT WARNING * * *
The gnoll hits you from afar with a +0 halberd!
You die...

Action                     || total
---------------------------++-------
  Melee: Unarmed           ||    63
         Tailslap          ||     5
    Use: Scroll            ||     4
 Armour: Skin              ||    18
  Dodge: Dodged            ||    55

Levels and vault maps discovered:
D:1:      eino_arrival_cavern_b, layout_loops_corners, columned_hall_lemuel,
          roderic_lattice_a, kennysheep_another_room
D:2:      wad_river_or_something, layout_loops_ring,
          hellmonk_ecumenical_altar_slurped_away

Notes
Turn   | Place    | Note
-------+----------+-------------------------------------------
     0 | D:1      | kae the Draconian Shapeshifter began the quest for the Orb.
     0 | D:1      | Reached XP level 1. HP: 16/16 MP: 1/1
     0 | D:1      | magus.rc [v1.11.3]
   261 | D:1      | You pick up a book of Necromancy and begin reading...
   261 | D:1      | You add the spells Necrotise, Vampiric Draining and Agony
                  | to your library.
   268 | D:1      | You fall into a shaft and drop 1 floor!
   320 | D:2      | Reached XP level 2. HP: 23/23 MP: 2/2
   566 | D:2      | Slain by a gnoll

Vanquished Creatures
  2 endoplasms (D:2)
  2 giant cockroaches (D:2)
  2 hobgoblins (D:1)
  4 jackals (D:2)
  A kobold (D:2)
  A quokka (D:2)
  4 bats (D:2)
  3 frilled lizards
  A rat (D:1)
20 creatures vanquished.

Table legend:
 A = Non-vault XP
 B = Vault XP
 C = Vault XP percentage of total XP
 D = Non-vault monster count
 E = Vault monster count
 F = Vault count percentage of total count
                 A         B        C        D         E       F
            +---------+---------+-------+---------+---------+-------
      Total |      27 |       7 |  20.6 |      16 |       4 |  20.0
            +---------+---------+-------+---------+---------+-------
        D:1 |       6 |       0 |   0.0 |       4 |       0 |   0.0
        D:2 |      21 |       7 |  25.0 |      12 |       4 |  25.0
            +---------+---------+-------+---------+---------+-------

Action                     || total
---------------------------++-------
  Melee: Unarmed           ||    63
         Tailslap          ||     5
    Use: Scroll            ||     4
 Armour: Skin              ||    18
  Dodge: Dodged            ||    55

Illustrated notes

Table legend:
 A = Kills in this place as a percentage of kills in the entire game.
 B = Kills by you in this place as a percentage of kills by you in the entire game.
 C = Kills by friends in this place as a percentage of kills by friends in the entire game.
 D = Other kills in this place as a percentage of other kills in the entire game.
 E = Experience gained in this place as a percentage of experience gained in the entire game.
 F = Experience gained in this place divided by the number of levels of this place that you have seen.
                   A       B       C       D       E      F
               +-------+-------+-------+-------+-------+----------------------
         Total | 100.0 | 100.0 |   N/A |   N/A | 100.0 |  17.0
       Dungeon | 100.0 | 100.0 |   N/A |   N/A | 100.0 |  17.0
               +-------+-------+-------+-------+-------+----------------------

Table legend: (Time is in decaauts)
 A = Elapsed time spent in this place.
 B = Non-inter-level travel time spent in this place.
 C = Inter-level travel time spent in this place.
 D = Time resting spent in this place.
 E = Time spent auto-exploring this place.
 F = Levels seen in this place.
 G = Mean time per level.
                   A        B        C        D        E       F      G
               +--------+--------+--------+--------+--------+-----+--------+
         Total |    567 |    567 |      0 |      0 |    424 |   2 |  283.5 |
       Dungeon |    567 |    567 |      0 |      0 |    424 |   2 |  283.5 |
               +--------+--------+--------+--------+--------+-----+--------+

Top non-repeatable levels by time:
     D:2: 299 daAuts
     D:1: 268 daAuts
